 Dungeon Crawl Stone Soup version 0.18-a0-1485-g189885c (webtiles) character file.

168 uiiiytp the Conjurer (level 5, 0/31 HPs)
             Began as a High Elf Conjurer on Mar 3, 2016.
             Slain by a gnoll sergeant
             ... wielding a +1 spear of piercing
              (1 damage)
             ... on level 4 of the Dungeon.
             The game lasted 00:22:27 (4139 turns).

uiiiytp the Conjurer (High Elf Conjurer)            Turns: 4139, Time: 00:22:27

Health: 0/31       AC:  3    Str:  7    XL:     5   Next: 24%
Magic:  1/11       EV: 13    Int: 19    God:
Gold:   148        SH:  0    Dex: 16    Spells: 4 memorised, 0 levels left

rFire  . . .     SeeInvis .     l - +0 dagger
rCold  . . .     Gourm    .     a - +0 robe
rNeg   . . .     Faith    .     (no shield)
rPois  .         Spirit   .     (no helmet)
rElec  .         Dismiss  .     K - +0 cloak
rCorr  .         Reflect  .     (no gloves)
SustAt .         Harm     .     (no boots)
MR     .....                    (no amulet)
Stlth  ++........               (no ring)
                                (no ring)

@: not resistant to hostile enchantments, unstealthy
A: no striking features
a: no special abilities


You were on level 4 of the Dungeon.
You were very hungry.

You visited 1 branch of the dungeon, and saw 4 of its levels.

You collected 148 gold pieces.

Inventory:

Hand Weapons
 i - a +0 trident
 l - a +0 dagger (weapon)
 r - a +0 hunting sling
 B - a +0 whip
 G - a +0 mace
 I - a +0 short sword
 O - a +0 flail
 R - a +0 hand axe
Missiles
 e - 31 bolts
 f - 6 tomahawks (quivered)
 k - 142 stones
 y - a throwing net
 z - 38 arrows
 V - 20 sling bullets
Armour
 a - a +0 robe (worn)
 t - a +0 chain mail
 x - a +0 robe
 C - a +0 leather armour
 J - a cursed +0 plate armour
 K - a +0 cloak (worn)
 S - a +0 leather armour
Jewellery
 A - an uncursed amulet of faith
Wands
 U - a wand of iceblast (10/15)
Scrolls
 d - a scroll of enchant armour {unknown}
 j - a scroll of random uselessness {unknown}
 u - a scroll of magic mapping {unknown}
 D - a scroll of fear {unknown}
 H - 2 scrolls of identify {unknown}
 N - 4 scrolls of remove curse {unknown}
Potions
 w - a potion of ambrosia {unknown}
 F - 2 potions of haste {unknown}
Books
 b - a book of Conjurations

   Spells                             Type                      Level
   a - Magic Dart                     Conjuration                  1
   b - Searing Ray                    Conjuration                  2
   c - Dazzling Spray                 Conjuration/Hexes            3
   d - Fulminant Prism                Conjuration/Hexes            4
   e - Iskenderun's Mystic Blast      Conjuration                  4
   f - Iskenderun's Battlesphere      Conjuration/Charms           5
Comestibles
 c - a bread ration
 g - a fruit
 h - 2 beef jerkies
 o - 2 slices of pizza
 p - 2 meat rations


   Skills:
 + Level 0.2 Fighting
 + Level 3.1 Dodging
 + Level 2.6 Stealth
 + Level 3.6 Spellcasting
 + Level 6.0 Conjurations


You couldn't memorise any spells.
You knew the following spells:

 Your Spells              Type           Power        Failure   Level  Hunger
a - Magic Dart            Conj           ####         1%          1    None
b - Searing Ray           Conj           ####..       1%          2    ##.....
c - Iskenderun's Mystic   Conj           ####....     14%         4    ####...
d - Fulminant Prism       Conj/Hex       ##........   50%         4    ####...


Dungeon Overview and Level Annotations

Branches:
Dungeon (4/15)
 Temple: D:4-7

Altars:
Yredelemnul
Zin

Portals:
Sewer: D:3


Message History

Casting: Magic Dart
Confirm with . or Enter, or press ? or * to list all spells.
You don't have enough magic to cast that spell.
Casting: Magic Dart
Confirm with . or Enter, or press ? or * to list all spells.
You don't have enough magic to cast that spell.
Your magical contamination has completely faded away.
Casting: Magic Dart
Confirm with . or Enter, or press ? or * to list all spells.
Aiming: Iskenderun's Mystic Blast
Press: ? - help, Shift-Dir - straight line, f/p - gnoll sergeant
Aim: a gnoll sergeant, wielding a spear of piercing, wearing a scale mail and wearing a buckler The orb of energy hits the gnoll sergeant.
The gnoll sergeant is heavily wounded.
The gnoll sergeant hits you from afar with a spear of piercing!
The gnoll sergeant hits you from afar with a spear of piercing!
* * * LOW HITPOINT WARNING * * *
x2 The gnoll sergeant hits you from afar with a spear of piercing.
* * * LOW HITPOINT WARNING * * *
You die...

### #.#.######.##.......#
#.######.#.######.##.#.###.#
............ggg.............
..######.#.######g#.##.#...#
#.# #^#.# #g.........#
#.######.#.# #...##.#..##
#.#...##.#.# #g........#
#g#...##.#.######..###.#.##
..+......#......@......# .
#.#...##################
.......<.......
###...#.####### #...#.#
#...#g# #####.# #)# #g#


You could see a gnoll sergeant and 2 gnolls.

Vanquished Creatures
  A hound (D:3)
  2 gnolls
  4 adders
  An ooze (D:3)
  A worm (D:3)
  2 dart slugs
  5 giant geckos
  5 orcs
  4 giant cockroaches
  7 goblins
  5 hobgoblins
  2 ball pythons
  5 bats
  3 giant newts
  12 kobolds
  7 rats
  A spectral orc (D:3)
67 creatures vanquished.

Vanquished Creatures (others)
  A fulminant prism (D:3)
1 creature vanquished.

Grand Total: 68 creatures vanquished

Notes
Turn   | Place    | Note
--------------------------------------------------------------
     0 | D:1      | uiiiytp the High Elf Conjurer began the quest for the Orb.
     0 | D:1      | Reached XP level 1. HP: 11/11 MP: 4/4
   442 | D:1      | Reached XP level 2. HP: 17/17 MP: 3/6
   623 | D:1      | Learned a level 2 spell: Searing Ray
   932 | D:1      | Reached skill level 5 in Conjurations
  1028 | D:1      | Reached XP level 3. HP: 21/21 MP: 4/8
  1769 | D:2      | Found a glowing silver altar of Zin.
  2085 | D:2      | Reached XP level 4. HP: 27/27 MP: 5/9
  2135 | D:2      | Learned a level 4 spell: Iskenderun's Mystic Blast
  3292 | D:3      | Found a basalt altar of Yredelemnul.
  3449 | D:3      | Reached XP level 5. HP: 31/31 MP: 5/11
  3507 | D:3      | Learned a level 4 spell: Fulminant Prism
  3623 | D:3      | Found a glowing drain.
  3972 | D:4      | Reached skill level 6 in Conjurations
  4139 | D:4      | HP: 1/31 [gnoll sergeant/spear of piercing (2)]
  4139 | D:4      | Slain by a gnoll sergeant

Vault maps used:
D:1:      dpeg_arrival_water_temple_mockup, st_stairs_4, minmay_crystal_room
D:2:      zin_treasury
D:3:      yredelemnul_forgotten_temple_becter, portal_sewer_entry_d
D:4:      grunt_gozag_statues, nicolae_underground_beach

Skill      XL: |  1  2  3  4  5 |
---------------+----------------+-----
Conjurations   | 5 6 |  6.0
Spellcasting   | 3 |  3.6
Dodging        | 3 |  3.1
Fighting       | |  0.2
Stealth        | |  2.6

Action                   |  1- 3 |  4- 6 || total
-------------------------+-------+-------++-------
Melee: Dagger            |       |    14 ||    14
 Cast: Magic Dart        |    67 |    42 ||   109
       Searing Ray       |     3 |     7 ||    10
       Iskenderun's Myst |       |     2 ||     2
       Fulminant Prism   |       |     1 ||     1
  Eat: Chunk             |     4 |     4 ||     8
       Fruit             |       |     2 ||     2
